 Dungeon Crawl Stone Soup version 0.29-a0-222-g5b244fca1f (webtiles) character file.

Game seed: 13843868224258198127

4592 Azmakalis the Tainter (level 10, -10/56 HPs)
             Began as an Octopode Venom Mage on Feb 27, 2022.
             Was a Follower of Vehumet.
             Mangled by Harold
             ... wielding a +1 morningstar of venom
              (24 damage)
             ... on level 8 of the Dungeon.
             The game lasted 00:35:45 (13035 turns).

Azmakalis the Tainter (Octopode Venom Mage)        Turns: 13035, Time: 00:35:45

Health: -10/56     AC:  1    Str:  8    XL:     10   Next: 41%
Magic:  3/20       EV: 13    Int: 22    God:    Vehumet [*.....]
Gold:   186        SH:  0    Dex: 12    Spells: 1/22 levels left

rFire   . . .      SeeInvis .   c - staff of poison {rPois}
rCold   . . .      Faith    .   (no shield)
rNeg    . . .      Spirit   .   (helmet restricted)
rPois   +          Reflect  .   (no amulet)
rElec   .          Harm     .   (no ring)
rCorr   .          Rampage  .   (no ring)
Will    .....                   (no ring)
Stlth   +++.......              (no ring)
HPRegen 0.18/turn               (no ring)
MPRegen 0.17/turn               (no ring)
                                (no ring)
                                (no ring)

@: no status effects
A: almost no armour, amphibious, 8 rings, camouflage 1, gelatinous body 1,
(nimble swimmer 1), tentacles
a: Renounce Religion


You were on level 8 of the Dungeon.
You worshipped Vehumet.
Vehumet was aware of your devotion.
You visited 2 branches of the dungeon, and saw 12 of its levels.
You also visited: Ossuary.

You collected 384 gold pieces.
You spent 198 gold pieces at shops.

Inventory:

Hand Weapons
 a - a +0 hand crossbow
 d - a +2 short sword of flaming
 v - a +1 trident of venom
 x - a +4 dire flail of venom
 H - a +0 morningstar
Missiles
 z - 6 curare-tipped darts
Magical Staves
 c - a staff of poison (weapon) {rPois}
Jewellery
 B - a +4 ring of evasion
 G - an amulet of guardian spirit {Spirit}
Wands
 u - a wand of acid (13)
 D - a wand of digging (1)
 E - a wand of polymorph (11)
 F - a wand of flame (9)
Scrolls
 e - 3 scrolls of fear
 f - 4 scrolls of magic mapping {!r}
 g - 2 scrolls of immolation {unknown}
 h - a scroll of brand weapon {unknown}
 i - a scroll of amnesia {unknown}
 k - 2 scrolls of enchant weapon {unknown}
 m - a scroll of vulnerability {unknown}
 n - a scroll of holy word {unknown}
 o - 2 scrolls of fog {unknown}
 p - 2 scrolls of torment {!r}
 q - 2 scrolls of noise {unknown}
 r - a scroll of enchant armour {unknown}
 t - 2 scrolls of blinking {unknown}
 y - 3 scrolls of teleportation {unknown}
Potions
 b - 2 potions of flight {unknown}
 j - 3 potions of curing
 l - a potion of lignification {unknown}
 s - 2 potions of attraction {unknown}
 w - a potion of resistance {unknown}
 A - a potion of heal wounds
 C - 2 potions of mutation {unknown}


   Skills:
 - Level 2.0 Dodging
 - Level 2.6 Stealth
 + Level 6.7 Spellcasting
 - Level 5.9 Conjurations
 - Level 3.6 Hexes
 - Level 1.0 Transmutations
 - Level 4.2 Fire Magic
 - Level 3.0 Air Magic
 - Level 8.2 Poison Magic
 - Level 8.0 Evocations


You had one spell level left.
You knew the following spells:

 Your Spells              Type           Power      Damage    Failure   Level
a - Sting                 Tmut/Pois      100%       1d8       1%          1
b - Poisonous Vapours     Pois/Air       96%        N/A       1%          2
c - Olgreb's Toxic Radia  Pois           60%        N/A       3%          4
d - Inner Flame           Hex/Fire       24%        N/A       4%          3
e - Ignite Poison         Fire/Tmut/Pois 40%        N/A       4%          3
f - Stone Arrow           Conj/Erth      40%        3d9       8%          3
w - Passwall              Tmut/Erth      7%         N/A       11%         2
x - Mephitic Cloud        Conj/Pois/Air  48%        N/A       2%          3

Your spell library contained the following spells:

 Spells                   Type           Power      Damage    Failure   Level
 Shock                    Conj/Air       100%       1d9       1%          1
 Foxfire                  Conj/Fire      100%       2x1d9     1%          1
 Magic Dart               Conj           100%       1d8       1%          1
 Sandblast                Erth           14%        2d6       9%          1
 Conjure Flame            Conj/Fire      29%        6-21      3%          3
 Spider Form              Tmut/Pois      41%        N/A       3%          3
 Ensorcelled Hibernation  Hex/Ice        30%        N/A       6%          2
 Swiftness                Air            20%        N/A       8%          3
 Flame Wave               Conj/Fire      29%        2d8       11%         4
 Call Imp                 Summ           7%         N/A       13%         2
 Ozocubu's Armour         Ice            7%         N/A       26%         3
 Anguish                  Hex/Necr       7%         N/A       36%         4
 Freezing Cloud           Conj/Ice/Air   10%        6-21      56%         5
 Metabolic Englaciation   Hex/Ice        7%         N/A       73%         5
 Simulacrum               Ice/Necr       3%         N/A       100%        6


Dungeon Overview and Level Annotations

Branches:
Dungeon (11/15)            Temple (1/1) D:6            Lair (0/6) D:8
Ossuary (visited)
    Orc: D:9-12

Altars:
Cheibriados
Dithmenos
Fedhas
Gozag
Kikubaaqudgha
Nemelex Xobeh
Okawaru
Ru
Uskayaw
Vehumet
Wu Jian
Xom

Shops:
D:8 :

Annotations:
D:6 1 exclusion
D:8 Harold


Innate Abilities, Weirdness & Mutations

You cannot wear most types of armour.
You are amphibious.
You can wear up to eight rings at the same time.
Your skin changes colour to match your surroundings (Stealth+).
Your rubbery body absorbs attacks. (AC +1, EV +1)
((You are camouflaged when in or above water. (Stealth+)))
You have tentacles for arms and can constrict up to eight enemies at once.


Message History

* * * LOW MAGIC WARNING * * *
You hear a loud, deep croak!
Harold is engulfed in noxious fumes.
Harold appears confused.
You now have 6/19 mp.
Aim: a centaur (noxious fumes)
You feel a surge of power!
Poisonous vapours surround the centaur!
The centaur is poisoned.
* * * LOW MAGIC WARNING * * *
The centaur is engulfed in noxious fumes.
The centaur appears confused.
You now have 4/19 mp.
Unknown command.
You feel a surge of power!
You ignite the poison in your surroundings!
The centaur seems to burn from within!!!
You kill the centaur!
* * * LOW MAGIC WARNING * * *
Something hits you!
You take 8 damage, and have 44/56 hp.
You now have 2/20 mp.
Unknown command.
Something hits you.
You take 4 damage, and have 40/56 hp.
Something hits you.
You take 5 damage, and have 35/56 hp.
Something hits you.
You take 6 damage, and have 29/56 hp.
Harold fires a harpoon shot at you. The harpoon shot hits you!
* * * LOW HITPOINT WARNING * * *
You are yanked forward by the harpoon shot.
Something barely misses you.
You hear a croak.
You take 15 damage, and have 14/56 hp.
MASSIVE DAMAGE!!
Unknown command.
As you read the scroll of fear, it crumbles to dust.
You assume a fearsome visage.
Harold resists with some effort.
You hear a shout!
Harold hits you with a +1 morningstar of venom!!
You die...

####............#
#.......##.####.### #
#.##.##....†.††).). ..
#.##.##.##.####.#.#
.##.####.##....##.####.#.#
.........##.............[.
.##.#.......##.####.####.#
#..#..{....# #.# #.#
#.###@#.#### ##.## #.. #.#
##@.# #...# ### ## #)#.#
#...##### #.@...#
#........
..)@...#####...#####
#...###)#...........# #...
.............. #...
.#...........# #...
.###.#####.###


You could see Harold.

Levels and vault maps discovered:
D:1:      dpeg_arrival_concentric_ovals, layout_loops_corners,
          basic_ecumenical_altar, grunt_decor_junction
D:2:      layout_rooms, minmay_misc_feat_tiny, minmay_misc_feat_doors,
          minmay_misc_feat_rows
D:3:      layout_loops_corners
D:4:      layout_loops_corners, minitemple, gup_ossuary_entry_pyramid,
          uniq_blork_the_orc
D:5:      layout_basic
D:6:      cheibrodos_fertilizer, layout_basic, minmay_temple_entry_waves,
          uniq_edmund
D:7:      layout_loops_ring
D:8:      layout_loops_cross, lair_entry_dummy, serial_shops, shop, uniq_grum,
          uniq_harold
D:9:      layout_loops_ring, nicolae_overflow_hallway_of_the_gods
D:10:     layout_roguey [special_room_orc], erik_orc_1, serial_curves,
          eino_curves_02, eino_curves_02, kennysheep_minor_cross
D:11:     layout_loops_cross, statue_in_the_mist_lemuel
Temple:   cyrus_circular_temple

Notes
Turn   | Place    | Note
-------+----------+-------------------------------------------
     0 | D:1      | Azmakalis the Octopode Venom Mage began the quest for the
                  | Orb.
     0 | D:1      | Reached XP level 1. HP: 11/11 MP: 3/3
    40 | D:1      | Identified a +0 club
    86 | D:1      | Found a faded altar of an unknown god.
   143 | D:1      | Reached skill level 4 in Poison Magic
   158 | D:1      | Identified a +0 dagger
   209 | D:1      | Identified a +0 whip
   213 | D:1      | Reached XP level 2. HP: 14/17 MP: 0/5
   388 | D:1      | Identified a +0 club
   406 | D:1      | Learned a level 2 spell: Poisonous Vapours
   521 | D:1      | Identified a +0 whip
   521 | D:1      | Identified a +0 whip
   616 | D:1      | Identified a +0 club
   716 | D:1      | Identified a +0 club
  1107 | D:1      | Identified a +0 ring mail
  1367 | D:1      | Reached XP level 3. HP: 21/21 MP: 6/6
  1371 | D:1      | Learned a level 3 spell: Mephitic Cloud
  1432 | D:2      | Identified a +0 club
  1439 | D:2      | Reached skill level 5 in Poison Magic
  1481 | D:2      | Identified a +0 short sword
  1506 | D:2      | Identified a +2 short sword of flaming
  1712 | D:2      | Identified a +0 dagger
  1712 | D:2      | Identified a +0 hunting sling
  2048 | D:2      | Identified a +0 short sword
  2124 | D:2      | Identified a +0 dagger
  2190 | D:2      | Identified a +0 robe
  2210 | D:2      | Identified a +1 trident of venom
  2216 | D:2      | Identified a +0 whip
  2216 | D:2      | Identified a +0 club
  2217 | D:2      | Identified a +0 spear
  2235 | D:2      | Reached skill level 6 in Poison Magic
  2235 | D:2      | Reached XP level 4. HP: 27/27 MP: 1/7
  2459 | D:2      | Identified a +0 dagger
  2648 | D:2      | Identified a +0 vampiric falchion
  2969 | D:3      | Identified a +0 dagger
  3075 | D:3      | Identified a +0 hand axe
  3133 | D:3      | Identified a +0 dagger
  3133 | D:3      | Identified a +0 hunting sling
  3302 | D:3      | Identified a +0 club
  3302 | D:3      | Identified a +0 ring mail
  3302 | D:3      | Identified a +0 club
  3368 | D:3      | Identified a +0 dagger
  3368 | D:3      | Identified a +0 robe
  3380 | D:3      | Reached XP level 5. HP: 11/31 MP: 2/8
  3485 | D:3      | Identified a +0 dagger
  3485 | D:3      | Identified a +0 chain mail
  3488 | D:3      | Identified a +0 club
  3488 | D:3      | Identified a +0 leather armour
  3489 | D:3      | Reached skill level 7 in Poison Magic
  3712 | D:3      | Learned a level 2 spell: Passwall
  3765 | D:3      | Identified a +0 club
  3885 | D:3      | Identified a +0 dagger
  4003 | D:3      | Identified a +0 spear
  4419 | D:4      | Identified 4 scrolls of identify
  4419 | D:4      | Identified a scroll of fear
  4430 | D:4      | Identified a +0 ring mail
  4465 | D:4      | Identified a +0 long sword
  4465 | D:4      | Identified a +0 robe
  4465 | D:4      | Noticed Blork the orc
  4521 | D:4      | Identified a +0 giant spiked club
  4521 | D:4      | Noticed an ogre
  4542 | D:4      | Killed an ogre
  4543 | D:4      | Reached skill level 8 in Poison Magic
  4543 | D:4      | Reached XP level 6. HP: 36/36 MP: 4/9
  4622 | D:4      | Found a sand-covered staircase.
  4632 | Ossuary  | Entered an ossuary
  4633 | Ossuary  | Identified 2 potions of curing
  4705 | Ossuary  | HP: 9/36 [human zombie (4)]
  4710 | Ossuary  | Reached skill level 3 in Spellcasting
  5021 | Ossuary  | Reached XP level 7. HP: 12/41 MP: 10/12
  5258 | Ossuary  | Identified a +0 robe
  5261 | Ossuary  | Identified a +0 mace
  5436 | Ossuary  | Identified 3 potions of heal wounds
  5437 | Ossuary  | Identified 3 scrolls of magic mapping
  5520 | D:4      | Identified a +0 whip
  5520 | D:4      | Identified a +0 hand crossbow
  5535 | D:4      | Reached skill level 4 in Spellcasting
  5556 | D:4      | Reached skill level 1 in Air Magic
  5724 | D:4      | Identified a +0 giant club
  5736 | D:4      | Reached skill level 2 in Air Magic
  5859 | D:4      | Found a hide-covered altar of Uskayaw.
  6085 | D:4      | Identified a +0 dagger
  6222 | D:4      | Identified a +0 dagger
  6300 | D:4      | Reached skill level 3 in Air Magic
  6308 | D:4      | Identified a +0 giant spiked club
  6327 | D:4      | Reached skill level 1 in Conjurations
  6394 | D:4      | Reached skill level 2 in Conjurations
  6399 | D:4      | Identified a +0 flail
  6410 | D:4      | Identified a +0 halberd
  6411 | D:4      | Identified a +0 club
  6506 | D:4      | Identified a +0 flail
  6512 | D:4      | Identified a +0 giant spiked club
  6531 | D:4      | Reached skill level 3 in Conjurations
  6531 | D:4      | Reached XP level 8. HP: 46/46 MP: 6/14
  6536 | D:4      | Learned a level 4 spell: Olgreb's Toxic Radiance
  6710 | D:4      | Found a sparkling altar of Nemelex Xobeh.
  6710 | D:4      | Found an ancient bone altar of Kikubaaqudgha.
  6715 | D:4      | Found an opulent altar of Gozag.
  6792 | D:4      | Killed Blork the orc
  6793 | D:4      | Reached skill level 4 in Conjurations
  6974 | D:5      | Entered Level 5 of the Dungeon
  7154 | D:5      | Identified 2 scrolls of torment
  7212 | D:5      | Reached skill level 5 in Conjurations
  7332 | D:5      | Identified a +0 cloak
  7710 | D:5      | Identified a +0 dagger
  7710 | D:5      | Identified a +0 robe
  7710 | D:5      | Identified a +0 club
  7710 | D:5      | Identified a +0 dagger
  7710 | D:5      | Identified a +0 robe
  7712 | D:5      | Identified a +0 club
  7714 | D:5      | Identified a +0 short sword
  7714 | D:5      | Identified a +0 leather armour
  7715 | D:5      | Reached skill level 1 in Evocations
  7720 | D:5      | HP: 7/46 [something/puff of flame (11)]
  7728 | D:5      | HP: 9/46 [orc/+0 short sword (5)]
  7731 | D:5      | Reached skill level 2 in Evocations
  7995 | D:5      | Reached skill level 3 in Evocations
  8104 | D:5      | Identified a +0 trident
  8127 | D:5      | Identified a +0 dagger
  8127 | D:5      | Identified a +0 leather armour
  8131 | D:5      | Identified a +0 hand axe
  8161 | D:5      | Reached skill level 4 in Evocations
  8166 | D:5      | HP: 8/46 [howler monkey (7)]
  8676 | D:6      | Reached skill level 5 in Evocations
  8676 | D:6      | Reached XP level 9. HP: 51/51 MP: 15/15
  8748 | D:6      | Identified a +0 short sword
  8748 | D:6      | Identified a +0 club
  8748 | D:6      | Identified a +1 short sword of electrocution
  8749 | D:6      | Identified a +0 short sword
  8749 | D:6      | Identified a +0 club
  8796 | D:6      | Identified a +0 dagger
  8844 | D:6      | Reached skill level 6 in Evocations
  8946 | D:6      | Found a staircase to the Ecumenical Temple.
  8955 | Temple   | Entered the Ecumenical Temple
  8960 | Temple   | Became a worshipper of Vehumet
  8977 | D:6      | Identified a +0 whip
  8977 | D:6      | Identified a +0 ring mail
  9124 | D:6      | Identified a +0 shortbow
  9399 | D:6      | Identified a +0 mace
  9512 | D:6      | Identified a +4 dire flail of venom
  9512 | D:6      | Identified a +0 scale mail
  9512 | D:6      | Noticed Edmund
  9529 | D:6      | Killed Edmund
  9530 | D:6      | Reached skill level 7 in Evocations
  9786 | D:6      | HP: 11/51 [ice beast (13)]
 10138 | D:6      | Identified a +0 dagger
 10138 | D:6      | Identified a +0 robe
 10138 | D:6      | Identified a +0 whip
 10138 | D:6      | Identified a +0 leather armour
 10138 | D:6      | Identified a +0 short sword
 10138 | D:6      | Identified a +0 short sword
 10139 | D:6      | Identified a +0 dagger
 10683 | D:6      | Reached skill level 8 in Evocations
 10729 | D:6      | Learned a level 3 spell: Inner Flame
 10820 | D:6      | Reached skill level 1 in Hexes
 10989 | D:7      | Identified a +0 dagger
 10989 | D:7      | Identified a +0 ring mail
 11039 | D:7      | Identified a +0 club
 11039 | D:7      | Identified a +0 ring mail
 11075 | D:7      | Reached skill level 2 in Hexes
 11167 | D:7      | Identified a +0 scale mail
 11169 | D:7      | Identified a +0 dagger
 11170 | D:7      | Identified a +0 falchion
 11170 | D:7      | Identified a +0 club
 11171 | D:7      | Identified a +0 dagger
 11171 | D:7      | Identified a +4 ring of evasion
 11186 | D:7      | Reached skill level 3 in Hexes
 11230 | D:7      | Identified a +2 whip of freezing
 11274 | D:7      | Identified a +0 club
 11276 | D:7      | Identified a +0 flail
 11277 | D:7      | Identified a +0 club
 11277 | D:7      | Identified a +0 robe
 11278 | D:7      | Identified a +0 spear
 11281 | D:7      | Identified a +0 whip
 11282 | D:7      | Identified a +0 flail
 11473 | D:7      | Identified a +0 dagger
 11473 | D:7      | Identified a +0 robe
 11479 | D:7      | Identified a +0 hand axe
 11489 | D:7      | Identified a +0 flail
 11489 | D:7      | Identified a +0 ring mail
 11614 | D:7      | Identified a +0 club
 11657 | D:7      | Identified a +0 shortbow
 11671 | D:7      | Reached skill level 5 in Spellcasting
 11675 | D:7      | Learned a level 3 spell: Ignite Poison
 11998 | D:7      | Identified an amulet of guardian spirit
 12016 | D:8      | Identified a +0 short sword
 12016 | D:8      | Identified a +0 short sword
 12016 | D:8      | Found Uthrit's Book Shop.
 12055 | D:7      | Identified a +0 dagger
 12103 | D:8      | Reached skill level 2 in Fire Magic
 12103 | D:8      | Reached XP level 10. HP: 38/56 MP: 4/17
 12243 | D:8      | Identified a +0 hand axe
 12243 | D:8      | Identified a +0 flail
 12243 | D:8      | Identified a +0 leather armour
 12243 | D:8      | You fall into a shaft and drop 3 floors!
 12244 | D:11     | Identified a +0 short sword
 12249 | D:11     | Noticed an eight-headed hydra
 12249 | D:11     | Identified a +0 dagger
 12268 | D:10     | Entered Level 10 of the Dungeon
 12407 | D:9      | Identified a +0 shortbow
 12407 | D:9      | Identified a +3 dagger
 12407 | D:9      | Identified a +0 robe
 12407 | D:9      | Identified a +0 hand axe
 12407 | D:9      | Identified a +0 robe
 12407 | D:9      | Identified a +4 flail
 12407 | D:9      | Identified a +0 robe
 12407 | D:9      | Identified a +3 war axe
 12407 | D:9      | Identified a +0 robe
 12564 | D:8      | Identified a +0 short sword
 12564 | D:8      | Identified a +0 whip
 12579 | D:8      | Identified a +0 hand crossbow
 12581 | D:8      | Reached * piety under Vehumet
 12581 | D:8      | Offered knowledge of Shock by Vehumet.
 12591 | D:8      | Bought a book of Geomancy for 198 gold pieces
 12600 | D:8      | Reached skill level 3 in Fire Magic
 12681 | D:8      | Identified +0 steam dragon scales
 12735 | D:8      | Reached skill level 4 in Fire Magic
 12774 | D:8      | Found a staircase to the Lair.
 12802 | D:8      | Identified a +0 morningstar
 12848 | D:8      | Identified a +0 dire flail
 12848 | D:8      | Identified a +0 giant club
 12848 | D:8      | Noticed a two-headed ogre
 12863 | D:8      | Killed a two-headed ogre
 12864 | D:8      | Reached skill level 6 in Spellcasting
 12868 | D:8      | Learned a level 3 spell: Stone Arrow
 13010 | D:8      | Identified a +0 club
 13010 | D:8      | Identified a +0 long sword
 13010 | D:8      | Identified a +0 robe
 13010 | D:8      | Identified a +0 club
 13013 | D:8      | Identified a +1 morningstar of venom
 13013 | D:8      | Identified a +0 chain mail
 13013 | D:8      | Noticed Harold
 13015 | D:8      | Identified a +0 mace of holy wrath
 13020 | D:8      | Identified a +0 shortbow
 13034 | D:8      | HP: 14/56 [Harold/harpoon shot (16)]
 13035 | D:8      | Mangled by Harold

Table legend: (Time is in decaauts)
 A = Elapsed time spent in this place.
 B = Non-inter-level travel time spent in this place.
 C = Inter-level travel time spent in this place.
 D = Time resting spent in this place.
 E = Time spent auto-exploring this place.
 F = Levels seen in this place.
 G = Mean time per level.
                   A        B        C        D        E       F      G
               +--------+--------+--------+--------+--------+-----+--------+
         Total |  13083 |  12844 |    239 |    131 |  10392 |  13 | 1006.4 |
       Dungeon |  12201 |  11962 |    239 |    124 |   9951 |  11 | 1109.2 |
        Temple |     10 |     10 |      0 |      0 |      0 |   1 |   10.0 |
       Ossuary |    871 |    871 |      0 |      7 |    441 |   1 |  871.0 |
               +--------+--------+--------+--------+--------+-----+--------+

Top non-repeatable levels by time:
     D:6: 2161 daAuts
     D:4: 1695 daAuts
     D:5: 1681 daAuts
     D:2: 1523 daAuts
     D:3: 1476 daAuts
     D:1: 1434 daAuts
     D:7: 1257 daAuts
 Ossuary: 871 daAuts
     D:8: 800 daAuts
    D:11: 144 daAuts
    D:10: 20 daAuts
  Temple: 10 daAuts
     D:9: 4 daAuts

Table legend:
 A = Kills in this place as a percentage of kills in entire the game.
 B = Kills by you in this place as a percentage of kills by you in the entire game.
 C = Kills by friends in this place as a percentage of kills by friends in the entire game.
 D = Other kills in this place as a percentage of other kills in the entire game.
 E = Experience gained in this place as a percentage of experience gained in the entire game.
 F = Experience gained in this place divided by the number of levels of this place that you have seen.
                   A       B       C       D       E      F
               +-------+-------+-------+-------+-------+----------------------
         Total | 100.0 | 100.0 |   N/A | 100.0 | 100.0 | 504.6
       Dungeon |  92.1 |  92.0 |   N/A | 100.0 |  96.0 | 572.5
       Ossuary |   7.9 |   8.0 |   N/A |   0.0 |   4.0 | 262.0
               +-------+-------+-------+-------+-------+----------------------

Skill      XL: |  1  2  3  4  5  6  7  8  9 10 |
---------------+-------------------------------+-----
Poison Magic   | 4 6 8 |  8.2
Spellcasting   | 3 4 5 6 |  6.7
Air Magic      | 3 |  3.0
Conjurations   | 3 5 |  5.9
Evocations     | 5 8 |  8.0
Hexes          | 3 |  3.6
Fire Magic     | 2 4 |  4.2
Dodging        | |  2.0
Stealth        | |  2.6
Transmutations | |  1.0

Action                   |  1- 3 |  4- 6 |  7- 9 | 10-12 || total
-------------------------+-------+-------+-------+-------++-------
Melee: Unarmed           |     5 |       |       |       ||     5
       Constrict         |    21 |    27 |    17 |     3 ||    68
       Dagger            |     2 |       |       |       ||     2
       Tentacles         |    16 |    23 |    31 |     4 ||    74
       Staff             |    53 |    49 |    65 |     7 ||   174
       Whip              |     6 |       |       |       ||     6
       Punch             |     1 |       |     2 |       ||     3
       Trident           |       |     2 |    11 |       ||    13
       Short sword       |       |    50 |    90 |     3 ||   143
 Fire: Hand crossbow     |       |       |    39 |     7 ||    46
 Cast: Sting             |     8 |       |     3 |       ||    11
       Poisonous Vapours |    16 |    26 |    83 |    13 ||   138
       Olgreb's Toxic Ra |       |       |     8 |     4 ||    12
       Mephitic Cloud    |       |       |     4 |     3 ||     7
       Ignite Poison     |       |       |     1 |     4 ||     5
       Passwall          |       |       |       |     1 ||     1
Evoke: Wand              |       |       |     7 |     4 ||    11
  Use: Scroll            |       |     2 |     3 |     2 ||     7
       Potion            |       |     2 |     4 |     1 ||     7
 Stab: Sleeping          |     6 |     5 |     3 |       ||    14
       Distracted        |     1 |       |       |       ||     1
       Paralysed         |       |       |    12 |     2 ||    14
       Confused          |       |       |     1 |       ||     1
Armor: Skin              |     7 |     5 |     4 |       ||    16
Dodge: Dodged            |    34 |    64 |    95 |     6 ||   199

Vanquished Creatures
  A two-headed ogre (D:8)
  A wyvern (D:8)
  A steam dragon (D:8)
  Edmund (D:6)
  2 water moccasins
  4 ice beasts
  A sky beast (D:5)
  4 ogres (D:4)
  3 centaurs
  A necrophage (D:4)
  Blork the orc (D:4)
  4 phantoms
  3 kobold brigands
  An elf zombie (Ossuary)
  3 bullfrogs
  2 scorpions (D:5)
  8 killer bees
  A howler monkey (D:5)
  2 orc priests
  5 jellies
  2 hounds
  A human zombie (Ossuary)
  A gnoll shaman (D:7)
  2 iguanas
  5 orc wizards
  2 hound zombies (Ossuary)
  5 mummies
  12 gnolls
  8 adders
  2 shadow imps (D:6)
  An ufetubus (D:5)
  2 dart slugs
  26 orcs
  4 ball pythons
  4 endoplasms
  6 giant cockroaches
  9 goblins
  9 hobgoblins
  4 jackals (D:1)
  5 quokkas
  4 bats
  2 frilled lizards
  2 goblin zombies (Ossuary)
  3 hobgoblin zombies (Ossuary)
  25 kobolds
  2 orc zombies (Ossuary)
  4 rats
  A rat zombie (Ossuary)
202 creatures vanquished.

Vanquished Creatures (others)
  14 toadstools (D:6)
14 creatures vanquished.

Grand Total: 216 creatures vanquished
